Cogmind - Beta 17 @@@ ROGUE MODE // 2026.08.23 @ 01:39:37 Player: Blue Result: Destroyed by X-57 Shotgunner with Shotgun Performance ------------- Evolutions (2) 1000 Regions Visited (3) 600 Robots Destroyed (112) 560 Value Destroyed (3712) 3712 Prototype IDs (4) 80 Alien Tech Used (0) 0 Bonus (102) 102 TOTAL SCORE: 6054 Bonus ------- High Alert Combat Kills 102 Cogmind --------- Core Integrity 0/550 Matter 191/300 Energy 154/160 System Corruption 0% Temperature Cool (0) Movement Treading (225) Ox1 Location -8/Materials Parts ------- > --- POWER (1) -------- Light Nuclear Core > --- PROPULSION (4) --- Advanced Treads Advanced Treads Advanced Treads Advanced Treads > --- UTILITY (4) ------ Huge Storage Unit Improved Signal Interpreter Hardened Medium Armor Plating Hardened Medium Armor Plating > --- WEAPON (2) ------- Assault Cannon Axe > --- INVENTORY (25) --- Faulty Heavy Ion Engine Light Deuterium Engine Light Nuclear Core Light Treads Light Treads Light Treads Light Treads Light Treads Light Treads Improved Heat Sink High-capacity Matter Pod (200) Improved Sensor Array Advanced Targeting Computer High-powered Tractor Beam Particle Gun EM Pulse Cannon High-powered Shotgun Improved Light Cannon Assault Cannon Mining Claw Peak State ------------ > --- POWER ------------ Light Nuclear Core > --- PROPULSION ------- Advanced Treads Advanced Treads Advanced Treads Advanced Treads > --- UTILITY ---------- Huge Storage Unit Improved Signal Interpreter Hardened Medium Armor Plating Hardened Medium Armor Plating > --- WEAPON ----------- Assault Cannon Axe > --- INVENTORY -------- Heavy Ion Engine Light Deuterium Engine Light Nuclear Core Light Treads Light Treads Light Treads Light Treads Light Treads Light Treads Improved Heat Sink High-capacity Matter Pod Improved Sensor Array Advanced Targeting Computer High-powered Tractor Beam Particle Gun EM Pulse Cannon High-powered Shotgun Improved Light Cannon Assault Cannon Mining Claw [Rating: 35] Favorites ----------- Power Heavy Ion Engine Engine Heavy Ion Engine Power Core Light Nuclear Core Propulsion Light Treads Treads Light Treads Utility Signal Interpreter Storage Huge Storage Unit Processor Signal Interpreter Protection Hardened Medium Armor Plating Weapon Improved Light Cannon Energy Gun EM Pulse Gun Energy Cannon EM Pulse Cannon Ballistic Gun High-powered Shotgun Ballistic Cannon Improved Light Cannon Launcher Rocket Launcher Slashing Weapon Axe Build | -11 -10 -9 -8 ------- Run | Yrd Mat Mat Mat Slots Evolved 4 | . . 2 2 Power . | . . . . Propulsion 2 | . . 1 1 Utility 2 | . . 1 1 Weapon . | . . . . Parts Attached 64 | 6 8 10 40 Power 8 | 1 2 1 4 Engine 5 | 1 2 1 1 Core 3 | . . . 3 Reactor . | . . . . Propulsion 24 | 2 . 5 17 Treads 24 | 2 . 5 17 Leg . | . . . . Wheel . | . . . . Hover . | . . . . Flight . | . . . . Utility 16 | 1 3 3 9 Device . | . . . . Storage 5 | 1 2 1 1 Processor 3 | . 1 . 2 Hackware . | . . . . Protection 8 | . . 2 6 Artifact . | . . . . Weapon 16 | 2 3 1 10 Energy Gun 1 | 1 . . . Energy Cannon 1 | . . . 1 Ballistic Gun 3 | 1 . . 2 Ballistic Cannon 7 | . 2 1 4 Launcher 3 | . 1 . 2 Special Weapon . | . . . . Impact Weapon . | . . . . Slashing Weapon 1 | . . . 1 Piercing Weapon . | . . . . Special Melee Weapon . | . . . . Unidentified Prototypes . | . . . . Parts Lost 28 | . . 2 26 Power 4 | . . . 4 Propulsion 12 | . . 1 11 Utility 5 | . . . 5 Weapon 7 | . . 1 6 Highest Loss Streak 6 | . . 1 6 To Critical Strikes . | . . . . Average Backups 13 | 1 7 14 15 Power 2 | . 1 2 3 Propulsion 1 | . . 2 2 Utility 4 | . 3 4 4 Weapon 4 | . 2 4 4 Tool/Special . | . . . . Unused Backups 18 | . 2 5 11 Power 5 | . 1 1 3 Propulsion 1 | . . . 1 Utility 7 | . . 2 5 Weapon 5 | . 1 2 2 Tool/Special . | . . . . Average Slot Usage (%) 96 | . 98 98 94 Engine 9 | . 14 11 6 Core 1 | . . . 2 Treads 31 | . 28 31 33 Storage 10 | . 14 11 9 Processor 13 | . 13 11 16 Protection 8 | . . 10 9 Ballistic Cannon 18 | . 27 21 11 Slashing Weapon 1 | . . . 3 Peak Build Rating 35 | 6 11 19 35 Average Rating 16 | 3 9 16 21 On Entrance 9 | . 6 11 19 Avg Prop Armor Cover (%) . | . . . . Naked Turns . | . . . . Heaviest Build 112 | 12 33 104 112 Greatest Support 88 | 40 40 63 88 Greatest Overweight (x) 4 | . . 1 4 Average Overweight (x) . | . . . 1 Largest Inventory Capacity 25 | 8 15 25 25 Average Capacity 20 | 6 12 20 25 Most Carried 21 | 5 13 16 21 Average Carried 13 | 1 7 14 15 Final Capacity 25 | 8 15 25 25 Final Carried 20 | 2 13 16 20 Class Distribution -------------------- 96% | Mutant 3% | Scavenger-Mutant Dominant Class ---------------- Mutant | -10/Materials Mutant | -9/Materials Mutant | -8/Materials Resources | -11 -10 -9 -8 ----------- Run | Yrd Mat Mat Mat Matter Collected 2839 | 233 513 873 1220 Remotely . | . . . . Salvage Created 3112 | . 413 1043 1656 Parts 185 | . 35 60 90 Haulers Intercepted . | . . . . Recyclers Shooed . | . . . . Parts Field Recycled . | . . . . Retrieved Matter . | . . . . Parts Self-Destructed . | . . . . Prevented . | . . . . Parts Restored . | . . . . Kills | -11 -10 -9 -8 ------- Run | Yrd Mat Mat Mat Combat Hostiles Destroyed 94 | . 17 33 44 Melee 9 | . . . 9 Guns 6 | . . . 6 Cannons 75 | . 17 33 25 AOE 4 | . . . 4 Classes Destroyed 12 | . 4 3 5 Worker 2 | . 2 . . Builder 2 | . . . 2 Tunneler 1 | . . . 1 Recycler 4 | . . 1 3 Watcher 9 | . 2 4 3 Swarmer 19 | . 6 5 8 Grunt 47 | . 11 17 19 Brawler 2 | . . 1 1 Sentry 18 | . . 10 8 Specialist 5 | . . . 5 Hunter 2 | . . . 2 Heavy 1 | . . . 1 Best Kill Streak 8 | . 8 4 8 Combat Bots Only 7 | . 4 3 7 Max Kills in Single Turn 3 | . 2 1 3 Gunslinging . | . . . . Exploded 3 | . . . 3 Melee 1 | . . . 1 Uniques/NPCs Destroyed . | . . . . Combat | -11 -10 -9 -8 -------- Run | Yrd Mat Mat Mat Hostile Shots Fired 631 | . 68 127 436 Missed 184 | . 23 34 127 Hits 447 | . 45 93 309 Projectile 447 | . 45 93 309 Critical Strikes 14 | . 1 2 11 Damage Taken 5952 | . 412 1159 4381 Core 713 | . 25 131 557 Absorbed by Shields . | . . . . Regen/Repaired (Parts) 416 | . . 192 224 Core Remaining (%) 85 | 100 90 67 . Volleys Fired 260 | . 47 72 141 Largest 2 | . 2 2 2 Hottest 74 | . 66 66 74 Shots Fired 457 | . 93 139 225 Gun 31 | . . . 31 Cannon 416 | . 92 139 185 Launcher 10 | . 1 . 9 Special . | . . . . Kinetic 447 | . 92 139 216 Thermal . | . . . . Explosive 10 | . 1 . 9 Electromagnetic . | . . . . Robot Hit Streak 35 | . 10 35 13 Robot Miss Streak 4 | . 4 3 4 Penetration Max . | . . . . Secondary Targets . | . . . . Shots Hit Robots 348 | . 50 100 198 Core Hits 150 | . 22 41 87 Critical Kills . | . . . . Critical Parts Destroyed 2 | . . . 2 Critical Strikes 26 | . 5 6 15 Destroy 2 | . . . 2 Blast 19 | . 5 6 8 Sever 5 | . . . 5 Melee Attacks 62 | . . . 62 Impact . | . . . . Slashing 62 | . . . 62 Piercing . | . . . . Sneak Attacks 2 | . . . 2 Combat Hostiles . | . . . . Follow-up Attacks . | . . . . Damage Inflicted 8040 | . 1086 2045 4909 Guns 427 | . . . 427 Cannons 5817 | . 1086 2045 2686 Explosions 631 | . . . 631 Melee 1160 | . . . 1160 Ramming 5 | . . . 5 Kinetic 6244 | . 1086 2045 3113 Thermal . | . . . . Explosive 631 | . . . 631 Electromagnetic . | . . . . Impact . | . . . . Slashing 1160 | . . . 1160 Piercing . | . . . . Highest Corruption . | . . . . Average Corruption . | . . . . Corruption Purged . | . . . . Corruption Blocked . | . . . . Overload Shots . | . . . . Overflow Damage 124 | . 7 22 95 Projectiles 72 | . 7 22 43 Explosions 40 | . . . 40 Melee 12 | . . . 12 Knockbacks 56 | . 13 9 34 Impact . | . . . . Kinetic 50 | . 13 9 28 Secondary 6 | . . . 6 Self-Inflicted Damage 35 | . . . 35 Shots 2 | . . . 2 Rammed 1 | . . . 1 Targets Rammed 1 | . . . 1 Kicked . | . . . . Crushed . | . . . . Highest Temperature 191 | . 72 105 191 Average Temperature 37 | . 24 24 51 Received Heat Transfer 1752 | . 87 414 1251 Siege Activations . | . . . . Martial Activations . | . . . . Shielding Activations . | . . . . Robots Disrupted . | . . . . Combat Hostiles . | . . . . Robots Corrupted . | . . . . Combat Hostiles . | . . . . Parts Fried . | . . . . Impact Corruptions 2 | . . . 2 Robots Melted . | . . . . Combat Hostiles . | . . . . Parts Melted . | . . . . Heat Transferred . | . . . . Parts Sabotaged . | . . . . Parts Stolen . | . . . . Parts Stripped . | . . . . Power Chain Reactions . | . . . . Alert | -11 -10 -9 -8 ------- Run | Yrd Mat Mat Mat Maximum Alert Level 2 | . . 1 2 Low Security (%) 78 | 100 100 96 47 Level 1 12 | . . 3 29 Level 2 8 | . . . 23 Level 3 . | . . . . Level 4 . | . . . . Level 5 . | . . . . High Security . | . . . . Max Security . | . . . . Peak Influence 533 | . 138 244 533 Initial 81 | . . 35 81 Average 143 | . 62 101 234 Influence Increases 3010 | . 488 969 1553 Destroy 0b10 Robot/C 1880 | . 340 660 880 Destroy 0b10 Robot/NC 90 | . 20 25 45 Destroy Leader 478 | . 64 198 216 Successful Hack 43 | . 10 16 17 Disable Machine 120 | . 15 30 75 Destroy Structure 99 | . 9 10 80 Lose Combat Pursuer 300 | . 30 30 240 Influence Decreases 2478 | . 402 860 1216 Entered New Map 165 | . . 51 114 Time Decay 1665 | . 402 623 640 Lost Part 280 | . . 20 260 Purge Threat 368 | . . 166 202 Squads Dispatched 16 | . 3 4 9 Investigation 5 | . 2 2 1 Extermination . | . . . . Reinforcement 10 | . 1 2 7 Assault 1 | . . . 1 Garrison . | . . . . Intercept . | . . . . Searches Triggered . | . . . . Construction Impeded . | . . . . Haulers Reinforced . | . . . . Active Scanning Responses . | . . . . Cargo Convoy Interrupts . | . . . . Stealth | -11 -10 -9 -8 --------- Run | Yrd Mat Mat Mat Distress Signals 11 | . 2 3 6 Communications Jammed . | . . . . Distress Signals . | . . . . Times Spotted 160 | . 28 46 86 Peak Tracking Total 8 | . 6 4 8 Tactical Retreats 16 | . 2 2 12 Traps | -11 -10 -9 -8 ------- Run | Yrd Mat Mat Mat Traps Triggered 3 | . 1 2 . Indirectly . | . . . . Trap Hack Attempts . | . . . . Triggered . | . . . . Disarmed . | . . . . Reprogrammed . | . . . . Reused . | . . . . Traps Extracted . | . . . . Installed . | . . . . Triggered . | . . . . Machines | -11 -10 -9 -8 ---------- Run | Yrd Mat Mat Mat Machines Disabled 8 | . 1 2 5 Max in Single Turn 1 | . 1 1 1 Machines Repaired . | . . . . Machines Dismantled . | . . . . Machines Sabotaged . | . . . . Overloaded Fab Kills . | . . . . Hacking | -11 -10 -9 -8 --------- Run | Yrd Mat Mat Mat Machines Accessed 34 | . 9 15 10 Terminals 22 | . 7 9 6 Fabricators . | . . . . Repair Stations 4 | . . 2 2 Recycling Units 5 | . 2 2 1 Scanalyzers 3 | . . 2 1 Garrison Access . | . . . . Total Hacks 106 | . 23 53 30 Successful 58 | . 8 30 20 Failed 47 | . 15 23 9 Catastrophic 13 | . 5 6 2 Database Lockouts 1 | . . . 1 Manual 23 | . 7 13 3 Terminals 75 | . 20 37 18 Fabricators . | . . . . Repair Stations 12 | . . 6 6 Recycling Units 6 | . 3 2 1 Scanalyzers 13 | . . 8 5 Garrison Access . | . . . . Terminal Hacks 38 | . 6 20 12 Record 17 | . 1 13 3 Prototype ID Bank 2 | . . 1 1 Emergency Access Points 1 | . . . 1 Terminal Index 1 | . . . 1 Scanalyzer Index 1 | . . 1 . Alert Level 3 | . 2 1 . Unreport Threat 4 | . . 2 2 Locate Traps 2 | . 1 . 1 Hauler Manifests 2 | . 1 . 1 Registered Components 2 | . . 1 1 Zone Layout 3 | . 1 1 1 Fabricator Hacks . | . . . . Repair Station Hacks 8 | . . 4 4 Scan Component 4 | . . 2 2 Repair 4 | . . 2 2 Recycling Unit Hacks 5 | . 2 2 1 Report Inventory 5 | . 2 2 1 Scanalyzer 7 | . . 4 3 Insert Component 1 | . . . 1 Analyze 1 | . . . 1 Retrieve Study 5 | . . 4 1 Garrison Access Hacks . | . . . . Unauthorized Hacks . | . . . . Terminals . | . . . . Fabricators . | . . . . Repair Stations . | . . . . Recycling Units . | . . . . Scanalyzers . | . . . . Garrison Access . | . . . . Data Cores Recovered . | . . . . Used . | . . . . Hacking Detections 29 | . 8 13 8 Full Trace Events 8 | . 2 4 2 Feedback Events . | . . . . Feedback Blocked . | . . . . Robot Schematics Acquired . | . . . . Robots Built . | . . . . Authchips . | . . . . Time . | . . . . Total Robot Build Rating . | . . . . Part Schematics Acquired 1 | . . . 1 Parts Built . | . . . . Authchips . | . . . . Time . | . . . . Total Part Build Rating . | . . . . Part Studies Acquired 5 | . . 4 1 Parts Repaired 4 | . . 2 2 Time 106 | . . 48 58 Parts Recycled . | . . . . Recycled Matter . | . . . . Retrieved Matter . | . . . . Retrieved Components . | . . . . Parts Scanalyzed 1 | . . . 1 Part Schematics Acquired 1 | . . . 1 Parts Damaged . | . . . . Bothacking | -11 -10 -9 -8 ------------ Run | Yrd Mat Mat Mat Used RIF Installer . | . . . . Robots Hacked . | . . . . Non-combat . | . . . . Combat . | . . . . Robot Hacks Applied . | . . . . Relay Couplers Released . | . . . . Fabnet Peak Effective % . | . . . . Robots Rewired . | . . . . Allies Hacked . | . . . . Hacks Repelled . | . . . . Allies | -11 -10 -9 -8 -------- Run | Yrd Mat Mat Mat Total Allies . | . . . . Largest Group . | . . . . Highest-Rated Group . | . . . . Highest-Rated Ally . | . . . . Total Orders . | . . . . Ally Attacks . | . . . . Total Damage . | . . . . Kills . | . . . . Allies Corrupted . | . . . . Allies Melted . | . . . . Intel | -11 -10 -9 -8 ------- Run | Yrd Mat Mat Mat Active Infowar (turns) . | . . . . Robot Analysis Total . | . . . . Derelict Logs Recovered . | . . . . Drone Launches . | . . . . Drone Recoveries . | . . . . Exploration | -11 -10 -9 -8 ------------- Run | Yrd Mat Mat Mat Turns Passed 7742 | 71 1612 3096 2963 Spaces Moved 3221 | 43 812 1359 1007 Core 10 | 10 . . . Treads 3211 | 33 812 1359 1007 Legs . | . . . . Wheels . | . . . . Hover . | . . . . Flight . | . . . . Fastest Speed 50 | 50 160 160 200 Average Speed 183 | 134 160 184 203 Slowest Speed 320 | 160 160 213 320 Overloaded Moves . | . . . . Propulsion Burnouts . | . . . . Robots Hopped . | . . . . Potential Cave-ins 6 | . . . 6 Cave-ins Triggered . | . . . . Exploration Rate (%) 63 | 4 96 96 58 Regions Visited 3 Branch Regions . Pre-discovered Areas . | . . . . Known Exits Taken 2 | . 1 1 . Unknown Exits Taken 1 | 1 . . . Scrap Searched . | . . . . Spaces Dug 20 | . . . 20 Terrain Destroyed 95 | . 6 2 87 Melee 20 | . . . 20 Projectile 15 | . 1 2 12 AOE 60 | . 5 . 55 Terrain Rammed . | . . . . Walls Destroyed . | . . . . Machines Disabled . | . . . . Actions | -11 -10 -9 -8 --------- Run | Yrd Mat Mat Mat Total 4490 | 56 1033 1817 1584 Wait 767 | . 138 340 289 Move 3218 | 42 811 1358 1007 Hop . | . . . . Pick Up 86 | 8 20 20 38 Fast Attach 2 | . . 2 . Attach 47 | 6 3 7 31 Detach . | . . . . Swap 25 | . 6 5 14 Drop 22 | . 8 13 1 Fire 260 | . 47 72 141 Melee 62 | . . . 62 Ram . | . . . . Kick . | . . . . Crush 1 | . . . 1 Escape Stasis . | . . . . Rewire . | . . . . Trap . | . . . . Miscellaneous . | . . . . Route ------- -11/Scrapyard -10/Materials (discovered 4 exits: *Mat x3 / [*Min]) -9/Materials (discovered 5 exits: *Mat x3 / *Min x2) -8/Materials (discovered 2 exits: *Fac x2) History --------- Turn | Location | Event 8 | -11/Scrapyard | Discovered new exit (range 14) 72 | -11/Scrapyard | Entered Materials 306 | -10/Materials | Build established: Mutant 560 | -10/Materials | Discovered new exit (range 14) 741 | -10/Materials | Identified exit to Materials 930 | -10/Materials | Discovered new exit (range 7) 1199 | -10/Materials | Discovered exit to Materials (range 15) 1435 | -10/Materials | Discovered exit to Materials (range 11) 1684 | -10/Materials | Entered another Materials area 1684 | -9/Materials | Evolved 2 slots: Propulsion x1, Utility x1 2267 | -9/Materials | Discovered new exit (range 16) 2344 | -9/Materials | Discovered new exit (range 16) 2353 | -9/Materials | Identified exit to Mines 2409 | -9/Materials | Identified exit to Materials 2706 | -9/Materials | Discovered exit to Materials (range 13) 3167 | -9/Materials | Repaired Imp. Light Cannon+ 3597 | -9/Materials | Discovered exit to Mines (range 16) 4021 | -9/Materials | Repaired Imp. Light Cannon+ 4581 | -9/Materials | Discovered exit to Materials (range 4) 4780 | -9/Materials | Entered another Materials area 4780 | -8/Materials | Evolved 2 slots: Propulsion x1, Utility x1 5241 | -8/Materials | Central database locked down 5624 | -8/Materials | Discovered new exit (range 15) 5668 | -8/Materials | Identified exit to Factory 5948 | -8/Materials | Lost 4 parts (2n1u1w) 6357 | -8/Materials | Lost 3 parts (2n1w) 6362 | -8/Materials | Destroyed 7 combat bots 6445 | -8/Materials | Repaired Imp. Light Cannon+ 6508 | -8/Materials | Discovered exit to Factory (range 3) 6656 | -8/Materials | Lost 4 parts (1n1u2w) 7031 | -8/Materials | Repaired Lgt. Treads+ 7180 | -8/Materials | First assault squad dispatched 7256 | -8/Materials | Core integrity fell below 50% 7329 | -8/Materials | Lost 3 parts (1p1n1u) 7351 | -8/Materials | Core integrity fell below 20% 7414 | -8/Materials | Lost 6 parts (1p3n1u1w) 7743 | -8/Materials | Destroyed by X-57 Shotgunner with Shotgun Last Messages --------------- >>Traps(Locate) Found 10 traps in 2 arrays: 4x Proton Bomb Trap 6x Alarm Trap Map updated. 07678_ Connecting with Terminal... 07687_ ALERT: Suspicious intruders detected, dispatching Specialist reinforcements to area. 07722_ X-57 Shotgunner knocked back. 07723_ U-05 Engineer builds a Wall. 07724_ X-57 Shotgunner destroyed. 07732_ R-06 Scavenger collects Nuclear Core. 07734_ Critical hit (Destroy). 07735_ X-57 Shotgunner Nuclear Core severed. 07735_ R-06 Scavenger collects Nuclear Core. 07736_ K-01 Serf collects debris. 07739_ R-06 Scavenger collects Hrd. Medium Armor Plating. 07740_ K-01 Serf collects debris. 07742_ R-06 Scavenger collects Shotgun. Map ----- +----------------------------------------------------+ | ############?????# #??????????????????????????? | | ####### #??????????????????????????? | | ####### #??????????????????????????? | | ??????# #??????????????????????????? | | ??????# #??????????????????????????? | | ??????# ###+##### #??????????????????????????? | | ??????## ## ## #??????????????????????????? | | ???????# ## ## #??????????????????????????? | | ???????# ## ## #?? ?????????????????????? | | ???????# ## ## #?# ?????????????????????? | | ???????# * ##= ## #?# ?????????????????????? | | ???????# =+* ## #?# ?????????????????????? | | ??????## =########## #?# #????????????????????? | | ??????## ###??????# #?# #????????????????????? | | ???????# #????????# #?# #????????????????????? | | ???????# #????????# #?# #????????????????????? | | ???????# ########## ### #????????????????????? | | ???????# ^ ^ #????????????????????? | | ######## ^^^ #????????????????????? | | ^ ^^ T #?????????????#??????? | | ############ ^^ #######+### ###????? | | ???????????# ???? | | ???????????# ##### !r ???? | | ???????????# #???#=k ???? | | ???######### #?####x############??????????? | | ####=/ ## #### #?# @%! #????????????????? | | !# !% ## #??# ### [%""" #????????????????? | | #### !% ""## #??# # # """ #????????????????? | | ???#%*%!""## #??# ### """ #????????????????? | | ???#[%="% ## #??# ## ! #????????????????? | | ???# * ## ##?# ### #????????????????? | | #######+### #?# #?# "T" #????????????????? | | #?# #?# """ #????????????????? | | H #?# #?###########????????????????? | | % #?# #????????????????????????????? | | +########## #?# #????????????????????????????? | | ##????## ####+###??????????????????????????? | | ! ######## # #??????????????????????????? | | # # # """ #??????????????????????????? | | # ! + % + """ #??????????????????????????? | | " " # # # """ #??????????????????????????? | | "R" # """ # # #??????????????????????????? | | """ # """ # # #??????????????????????????? | | # """ # ########??????????????????????????? | | ############ #?????????????????????????????????? | | ????????#### #?????????????????????????????????? | | ????????# ## #?????????????????????????????????? | | ????????# ## #??###????????????????????????????? | | ########### #??# #?###????????????????????????? | | # ! ] # ##########????????????????????????? | +----------------------------------------------------+ Best States ------------- Heat Dissipation 31 Energy Generation 14 Energy Capacity 280 Matter Stores 424 Matter Capacity 500 Sight Range 16 Terrain Scan Density 10 Armor Coverage 450 Evasion (%) 50 Targeting Accuracy 6 Recoil Reduction 4 Item Schematics ----------------- Hrd. Medium Armor Plating | -8/Materials | Scanalyzed Robot Schematics ------------------ None Fabricated ------------ Nothing Repaired ---------- Imp. Light Cannon | 16% | -9/Materials Imp. Light Cannon | 41% | -9/Materials Imp. Light Cannon | 21% | -8/Materials Lgt. Treads | 15% | -8/Materials Studied --------- Rocket Launcher | -9/Materials | Hacked Lgt. Treads | -9/Materials | Hacked Imp. Light Cannon | -9/Materials | Hacked Ion Engine | -9/Materials | Hacked Imp. Treads | -8/Materials | Hacked Alien Tech Used ----------------- None Achievements -------------- Shopping List Challenges ------------ None Game ------ Seed NetworkedTargetingBox Manual? 0 Play Time 01:04:11 Cumulative 10.0 hours Start 2026.08.23 @ 00:36:57 End 2026.08.23 @ 01:39:37 Sessions 1 Manual Loads 0 Difficulty Rogue Special Mode None Game No. 12 Rogue 12 Adventurer 0 Explorer 0 Win Type - Total 0 Types 0/0/0/0/0/0/0/0/0/0 Lore% 7 Gallery% 9 Achievement% 12 Wizard Run 0 Options --------- Layout 1 ASCII 0 Keyboard 0 Movement Mouse Keybinds 0 Fullscreen 1 Font 24/Terminus Map View 50x35 Zoom Use 0% Tactical HUD 1 Map Filters NONE Filters NONE Steam 1 RUN: 1030d494-0a98-49e5-9fbe-77e8069d75cc